 Dungeon Crawl Stone Soup version 0.26-b1-32-g5d43845318 (webtiles) character file.

Game seed: 18369819577922402656

19563 inmateoo the Martial Artist (level 12, -11/184 HPs)
             Began as a Gnoll Transmuter on Jan 8, 2021.
             Was an Initiate of Gozag.
             Mangled by a phantasmal warrior (16 damage)
             ... led by a death knight
             ... on level 13 of the Dungeon.
             The game lasted 00:24:19 (17360 turns).

inmateoo the Martial Artist (Gnoll Transmuter)     Turns: 17360, Time: 00:24:19

Health: -11/184    AC: 30    Str: 13    XL:     12   Next: 70%
Magic:  25/25      EV:  2    Int: 26    God:    Gozag
Gold:   3033       SH:  0    Dex: 16    Spells: 3/29 levels left

rFire    . . .     SeeInvis .     - Unarmed
rCold    . . .     Faith    .   (no shield)
rNeg     + + +     Spirit   .   (armour currently unavailable)
rPois    +         Reflect  .   (helmet currently unavailable)
rElec    .         Harm     .   (cloak currently unavailable)
rCorr    .         Rampage  .   (gloves currently unavailable)
Will     .....     NoTele   +   (boots currently unavailable)
Stlth    ..........             (no amulet)
HPRegen  0.40/turn              f - +6 ring of intelligence
MPRegen  0.19/turn              j - +4 ring of protection

@: berserking, tree-form, weak-willed, gold aura, slowed
A: distributed training, frail 1, strong nose
a: Renounce Religion, Potion Petition, Call Merchant, Bribe Branch


You were on level 13 of the Dungeon.
You worshipped Gozag.
Gozag was most pleased with you.
You were a tree.
You visited 3 branches of the dungeon, and saw 15 of its levels.

You collected 3501 gold pieces.
You spent 375 gold pieces at shops.
You paid 93 gold pieces to Gozag.

Inventory:

Hand Weapons
 o - a +0 shortbow
 H - a +4 scimitar of flaming
Missiles
 e - 6 javelins
 p - 375 arrows
 s - 3 silver javelins (quivered)
 C - a throwing net
Armour
 n - a +0 cloak (melded)
 P - a +2 hat (melded)
 R - a +0 robe of the Archmagi (melded)
Jewellery
 f - a +6 ring of intelligence (left branch)
 j - a +4 ring of protection (right branch)
 k - an uncursed ring of protection from fire
 r - an uncursed ring of willpower
 D - an uncursed ring of positive energy
 I - an uncursed ring of wizardry {unknown}
 K - an uncursed ring of magical power {unknown}
 Q - an uncursed ring of resist corrosion
 S - a cursed ring of teleportation {unknown}
 T - an uncursed ring of ice {unknown}
Wands
 a - a wand of acid (4)
 v - a wand of flame (69)
 E - a wand of iceblast (4)
 L - a wand of random effects (14)
 M - a wand of enslavement (8)
Scrolls
 c - 5 scrolls of magic mapping
 d - a scroll of fog
 g - 16 scrolls of teleportation
 m - 6 scrolls of immolation
 w - 5 scrolls of enchant armour
 x - 2 scrolls of amnesia
 y - 2 scrolls of remove curse
 J - 5 scrolls of identify
Potions
 b - 3 potions of attraction
 h - a potion of heal wounds
 i - 4 potions of brilliance
 l - 5 potions of might
 q - 2 potions of flight
 t - 3 potions of haste
 z - a potion of lignification
 A - 3 potions of ambrosia
 B - 5 potions of curing
 F - 2 potions of resistance
 G - 2 potions of magic
 O - a potion of berserk rage
Miscellaneous
 N - a box of beasts


   Skills:
 + Level 8.0 Fighting
 + Level 7.5 Short Blades
 + Level 7.5 Long Blades
 + Level 7.5 Axes
 + Level 7.5 Maces & Flails
 + Level 7.5 Polearms
 + Level 7.5 Staves
 + Level 7.5 Slings
 + Level 7.5 Bows
 + Level 7.5 Crossbows
 + Level 7.5 Throwing
 + Level 7.5 Armour
 + Level 8.9 Dodging
 + Level 7.5 Stealth
 + Level 7.5 Shields
 + Level 10.0 Unarmed Combat
 + Level 9.1 Spellcasting
 + Level 6.2 Conjurations
 + Level 6.2 Hexes
 + Level 6.2 Summonings
 + Level 6.2 Necromancy
 + Level 6.2 Translocations
 + Level 7.4 Transmutations
 + Level 6.2 Fire Magic
 + Level 6.2 Ice Magic
 + Level 6.2 Air Magic
 + Level 6.2 Earth Magic
 + Level 6.2 Poison Magic
 + Level 8.2 Invocations
 + Level 7.5 Evocations


You had 3 spell levels left.
You knew the following spells:

 Your Spells              Type           Power        Failure   Level
a - Beastly Appendage     Tmut           100%         1%          1
b - Wereblood             Tmut           50%          1%          2
c - Spider Form           Tmut/Pois      23%          1%          3
d - Ice Form              Ice/Tmut       47%          3%          4
e - Blade Hands           Tmut           25%          7%          5
f - Blink                 Tloc           N/A          1%          2
g - Call Imp              Summ           44%          1%          2
h - Olgreb's Toxic Radia  Pois           44%          3%          4
i - Ignite Poison         Fire/Tmut/Pois 46%          1%          3

Your spell library contained the following spells:

 Spells                   Type           Power        Failure   Level
 Magic Dart               Conj           100%         1%          1
 Sting                    Tmut/Pois      100%         1%          1
 Poisonous Vapours        Pois/Air       88%          1%          2
 Slow                     Hex            44%          1%          2
 Conjure Flame            Conj/Fire      44%          1%          3
 Mephitic Cloud           Conj/Pois/Air  44%          1%          3
 Cause Fear               Hex            22%          3%          4
 Yara's Violent Unravell  Hex/Tmut       23%          9%          5
 Silence                  Hex/Air        22%          11%         5
 Discord                  Hex            22%          100%        8


Dungeon Overview and Level Annotations

Branches:
Dungeon (13/15)            Temple (1/1) D:4            Lair (1/6) D:10
    Orc (0/2) D:9
 Vaults: D:13-14

Altars:
Gozag
Kikubaaqudgha
Makhleb
Trog
Vehumet
Wu Jian

Shops:
D:4 ?   D:7 (   D:9 (

Annotations:
D:4 Edmund
D:9 3 runed translucent doors, Qawul's ghost, novice DEEE


Innate Abilities, Weirdness & Mutations

Your experience applies equally to all skills.
((You have very sharp teeth.))
Your uncanny sense of smell can sniff out nearby items.
You are frail. (-10% HP)


Message History

You hit the phantasmal warrior but do no damage.
The phantasmal warrior is moderately damaged.
The phantasmal warrior hits you!!
* * * LOW HITPOINT WARNING * * *
A black bear comes into view.
The freezing wraith hits you but does no damage.
The freezing wraith hits you.
* * * LOW HITPOINT WARNING * * *
The freezing wraith drains your vigour!
You feel as though you will be slow longer.
The death knight hits you with a +1 battleaxe.
* * * LOW HITPOINT WARNING * * *
The freezing wraith hits you but does no damage. x2
Unknown command.
You barely miss the phantasmal warrior.
The phantasmal warrior is moderately damaged.
The black bear growls angrily.
The phantasmal warrior hits you!
You die...
Your body crumbles into a pile of gold.

..........................#
..........................#
..<...............#######.#
...###########...^# .# ...#
#....# ...# #....# ...#
#....#######
########.$.W.......
.........W♣p.......
##########W........
#......... #######... h. ∆


You could see a death knight, a phantasmal warrior, 2 freezing wraiths and a
black bear.

Vanquished Creatures
  2 boulder beetles
  3 hydras
  Erica (D:8)
  A centaur warrior (D:13)
  A two-headed ogre (D:12)
  A phantasmal warrior (D:13)
  A wolf spider zombie (D:12)
  An ugly thing (D:12)
  2 cyclopes
  2 deep elf magi (D:9)
  A manticore (D:11)
  Psyche (D:11)
  A gargoyle (D:12)
  2 kobold demonologists (D:12)
  5 trolls
  Prince Ribbit (D:7)
  A wyvern (D:10)
  A wraith (D:13)
  Menkaure (D:5)
  2 steam dragons (D:9)
  4 soldier ants
  2 two-headed ogre zombies (D:9)
  An acid dragon (D:12)
  Duvessa (D:7)
  A black bear (D:12)
  A swamp drake (D:9)
  3 orc warriors
  A sky beast (D:12)
  4 ice beasts
  6 phantoms
  4 ogres
  2 eyes of draining (D:11)
  10 centaurs
  A big kobold (D:7)
  Blork the orc (D:5)
  9 bullfrogs
  Dowan (D:7)
  A wyvern zombie (D:9)
  A wyvern skeleton (D:9)
  4 scorpions
  3 killer bees (D:7)
  8 howler monkeys
  6 wights
  2 crimson imps
  A bullfrog zombie (D:5)
  2 centaur zombies
  Crazy Yiuf (D:2)
  4 centaur skeletons
  4 jellies
  17 orc wizards
  7 orc priests
  5 hounds
  2 bullfrog skeletons
  An iron imp (D:9)
  Jessica (D:3)
  3 iguanas
  11 worker ants
  A killer bee zombie (D:8)
  6 ogre zombies (D:9)
  A hound zombie (D:6)
  A hound skeleton (D:9)
  A howler monkey zombie (D:5)
  8 gnolls (D:6)
  13 adders
  3 shadow imps
  4 white imps
  An ufetubus (D:6)
  An adder zombie (D:9)
  3 adder skeletons
  2 worms (D:3)
  4 dart slugs
  6 leopard geckos
  54 orcs
  2 ball pythons
  3 giant cockroaches (D:1)
  5 goblins
  6 hobgoblins
  4 jackals (D:7)
  13 kobolds
  6 quokkas
  10 bats
  11 frilled lizards
  3 goblin zombies (D:9)
  A hobgoblin skeleton (D:9)
  5 hobgoblin zombies (D:9)
  A leopard gecko skeleton (D:5)
  A leopard gecko zombie (D:5)
  3 orc skeletons (D:9)
  13 orc zombies (D:9)
  2 quokka skeletons
  9 rats
374 creatures vanquished.

Vanquished Creatures (others)
  4 fungi
  A plant (Lair:1)
5 creatures vanquished.

Grand Total: 379 creatures vanquished

Notes
Turn   | Place    | Note
-------+----------+-------------------------------------------
     0 | D:1      | inmateoo the Gnoll Transmuter began the quest for the Orb.
     0 | D:1      | Reached XP level 1. HP: 17/17 MP: 6/6
    85 | D:1      | Reached XP level 2. HP: 23/23 MP: 7/7
   245 | D:1      | Learned a level 2 spell: Wereblood
   855 | D:2      | Reached XP level 3. HP: 28/28 MP: 9/9
   897 | D:2      | Reached skill level 5 in Spellcasting
  1387 | D:2      | Found a runed translucent door.
  1388 | D:2      | Noticed Crazy Yiuf
  1397 | D:2      | Learned a level 3 spell: Spider Form
  1413 | D:2      | Killed Crazy Yiuf
  1414 | D:2      | Reached skill level 1 in Short Blades
  1414 | D:2      | Reached skill level 1 in Long Blades
  1414 | D:2      | Reached skill level 1 in Axes
  1414 | D:2      | Reached skill level 1 in Maces & Flails
  1414 | D:2      | Reached skill level 1 in Polearms
  1414 | D:2      | Reached skill level 1 in Staves
  1414 | D:2      | Reached skill level 1 in Slings
  1414 | D:2      | Reached skill level 1 in Bows
  1414 | D:2      | Reached skill level 1 in Crossbows
  1414 | D:2      | Reached skill level 1 in Throwing
  1414 | D:2      | Reached skill level 1 in Armour
  1414 | D:2      | Reached skill level 1 in Stealth
  1414 | D:2      | Reached skill level 1 in Shields
  1414 | D:2      | Reached skill level 1 in Invocations
  1414 | D:2      | Reached skill level 1 in Evocations
  1414 | D:2      | Reached XP level 4. HP: 15/34 MP: 1/11
  1715 | D:3      | Noticed a centaur
  1720 | D:3      | Killed a centaur
  1721 | D:3      | Reached skill level 1 in Conjurations
  1721 | D:3      | Reached skill level 1 in Hexes
  1721 | D:3      | Reached skill level 1 in Summonings
  1721 | D:3      | Reached skill level 1 in Necromancy
  1721 | D:3      | Reached skill level 1 in Translocations
  1721 | D:3      | Reached skill level 1 in Fire Magic
  1721 | D:3      | Reached skill level 1 in Ice Magic
  1721 | D:3      | Reached skill level 1 in Air Magic
  1721 | D:3      | Reached skill level 1 in Earth Magic
  1721 | D:3      | Reached skill level 1 in Poison Magic
  1721 | D:3      | Reached XP level 5. HP: 37/40 MP: 10/12
  1970 | D:3      | Found an opulent altar of Gozag.
  1995 | D:3      | Became a worshipper of Gozag Ym Sagoz the Greedy
  2100 | D:3      | Noticed Jessica
  2118 | D:3      | Killed Jessica
  2269 | D:3      | Reached XP level 6. HP: 47/47 MP: 11/13
  2410 | D:3      | Reached skill level 5 in Dodging
  2791 | D:4      | Found Sufesom's Magic Scroll Shop.
  2799 | D:4      | Bought a scroll of amnesia for 45 gold pieces
  2799 | D:4      | Bought a scroll of enchant armour for 97 gold pieces
  2799 | D:4      | Bought a scroll of magic mapping for 45 gold pieces
  2799 | D:4      | Bought a scroll of teleportation for 39 gold pieces
  2799 | D:4      | Bought a scroll of blinking for 97 gold pieces
  2799 | D:4      | Bought a scroll of noise for 13 gold pieces
  2799 | D:4      | Bought a scroll of teleportation for 39 gold pieces
  3010 | D:4      | Reached XP level 7. HP: 33/52 MP: 15/15
  3215 | D:4      | Reached skill level 7 in Unarmed Combat
  3253 | D:4      | Learned a level 4 spell: Ice Form
  3259 | D:4      | Learned a level 5 spell: Blade Hands
  3556 | D:4      | Found a staircase to the Ecumenical Temple.
  3593 | D:5      | Entered Level 5 of the Dungeon
  3593 | D:5      | Noticed Menkaure
  3623 | Temple   | Entered the Ecumenical Temple
  3754 | D:5      | Noticed Edmund
  4202 | D:5      | Killed Menkaure
  4587 | D:5      | Reached XP level 8. HP: 60/60 MP: 7/16
  4995 | D:5      | Noticed Blork the orc
  5001 | D:5      | Killed Blork the orc
  5434 | D:5      | Paralysed by a centaur for 4 turns
  5917 | D:6      | Found an ornate altar of the Wu Jian Council.
  6142 | D:6      | Reached XP level 9. HP: 66/66 MP: 15/18
  6154 | D:6      | Reached skill level 5 in Transmutations
  6784 | D:6      | Identified the cursed +0 war axe of Dithmenos's Hatred
                  | {vorpal, *Noise +Blink +Fly rC+} (You found it on level 6
                  | of the Dungeon)
  7065 | D:7      | Found Qesuato's Weapon Boutique.
  7143 | D:7      | Reached skill level 5 in Fighting
  7205 | D:7      | Noticed Dowan
  7207 | D:7      | Noticed Duvessa
  7219 | D:7      | Killed Duvessa
  7224 | D:7      | Killed Dowan
  7233 | D:7      | Reached skill level 8 in Unarmed Combat
  7277 | D:7      | Noticed Prince Ribbit
  7288 | D:7      | Killed Prince Ribbit
  7289 | D:7      | Reached skill level 5 in Invocations
  7682 | D:8      | Noticed Erica
  7758 | D:8      | Killed Erica
  7759 | D:8      | Reached skill level 5 in Short Blades
  7759 | D:8      | Reached skill level 5 in Long Blades
  7759 | D:8      | Reached skill level 5 in Axes
  7759 | D:8      | Reached skill level 5 in Maces & Flails
  7759 | D:8      | Reached skill level 5 in Polearms
  7759 | D:8      | Reached skill level 5 in Staves
  7759 | D:8      | Reached skill level 5 in Slings
  7759 | D:8      | Reached skill level 5 in Bows
  7759 | D:8      | Reached skill level 5 in Crossbows
  7759 | D:8      | Reached skill level 5 in Throwing
  7759 | D:8      | Reached skill level 5 in Armour
  7759 | D:8      | Reached skill level 5 in Stealth
  7759 | D:8      | Reached skill level 5 in Shields
  7759 | D:8      | Reached skill level 5 in Evocations
  7759 | D:8      | Reached XP level 10. HP: 75/76 MP: 17/20
  7829 | D:8      | Found a burning altar of Makhleb.
  7830 | D:8      | Found a radiant altar of Vehumet.
  8956 | D:9      | Found a runed translucent gate.
  8956 | D:9      | Noticed a kobold demonologist
  9138 | D:9      | Found a staircase to the Orcish Mines.
  9539 | D:9      | Found a runed translucent gate.
  9540 | D:9      | Found a runed translucent gate.
  9541 | D:9      | Noticed Qawul's ghost (novice DEEE)
  9542 | D:9      | Noticed a kobold demonologist
  9561 | D:9      | Noticed a kobold demonologist
  9591 | D:9      | Identified the +1 whip of Purpose {drain, Dex+3}
 10177 | D:9      | Noticed a deep elf mage
 10185 | D:9      | Killed a deep elf mage
 10515 | D:9      | Noticed a deep elf mage
 10524 | D:9      | Killed a deep elf mage
 10532 | D:9      | Gained mutation: You are frail. (-10% HP) [mutagenic glow]
 10711 | D:9      | Reached XP level 11. HP: 55/74 MP: 13/22
 10868 | D:9      | Found Kesumn Pifo's Antique Weapon Shoppe.
 10967 | D:10     | Entered Level 10 of the Dungeon
 11103 | D:10     | Noticed a boulder beetle
 11477 | D:10     | Reached skill level 9 in Unarmed Combat
 11483 | D:10     | Learned a level 2 spell: Blink
 11486 | D:10     | Learned a level 2 spell: Call Imp
 11549 | D:10     | Found a staircase to the Lair.
 11587 | Lair:1   | Entered Level 1 of the Lair of Beasts
 12077 | D:10     | Reached skill level 5 in Conjurations
 12077 | D:10     | Reached skill level 5 in Hexes
 12077 | D:10     | Reached skill level 5 in Summonings
 12077 | D:10     | Reached skill level 5 in Necromancy
 12077 | D:10     | Reached skill level 5 in Translocations
 12077 | D:10     | Reached skill level 5 in Fire Magic
 12077 | D:10     | Reached skill level 5 in Ice Magic
 12077 | D:10     | Reached skill level 5 in Air Magic
 12077 | D:10     | Reached skill level 5 in Earth Magic
 12077 | D:10     | Reached skill level 5 in Poison Magic
 12532 | D:10     | Killed a boulder beetle
 12606 | D:11     | You fall into a shaft and drop 2 floors!
 12656 | D:13     | Noticed a boulder beetle
 12672 | D:12     | Learned a level 4 spell: Olgreb's Toxic Radiance
 12701 | D:11     | Noticed a six-headed hydra
 12932 | D:11     | Killed a six-headed hydra
 12933 | D:11     | Noticed a five-headed hydra
 13892 | D:11     | Noticed a manticore
 13916 | D:11     | Killed a manticore
 14344 | D:11     | Noticed Psyche
 14346 | D:11     | Killed Psyche
 14346 | D:11     | Killed a five-headed hydra
 14986 | D:12     | Learned a level 3 spell: Ignite Poison
 15122 | D:12     | Noticed a two-headed ogre
 15132 | D:12     | Killed a two-headed ogre
 15133 | D:12     | Reached XP level 12. HP: 65/81 MP: 19/24
 16265 | D:13     | Noticed a centaur warrior
 16280 | D:13     | Killed a centaur warrior
 16615 | D:13     | Noticed an eight-headed hydra
 16696 | D:13     | Killed an eight-headed hydra
 16985 | D:13     | Killed a boulder beetle
 17267 | D:13     | Reached skill level 10 in Unarmed Combat
 17339 | D:13     | Noticed a death knight
 17359 | D:13     | HP: 7/184 [freezing wraith[a death knight] (3)]
 17360 | D:13     | Mangled by a phantasmal warrior

Illustrated notes

Levels and vault maps discovered:
D:1:      minmay_arrival_plants_in_alcoves, layout_loops_corners, minivault_11,
          hangedman_decor_peaks_small
D:2:      layout_basic, grunt_ministairs_15, uniq_crazy_yiuf_cottage
D:3:      minmay_recursive_quarters, layout_loops_ring,
          nicolae_gozag_cash_rules_everything_around_me, uniq_jessica
D:4:      layout_gridville, minmay_temple_entry_enclosed_plants, serial_shops,
          shop
D:5:      layout_gridville, uniq_edmund, uniq_blork_the_orc, uniq_menkaure
D:6:      layout_loops_cross, general_overflow_altar
D:7:      layout_cave_pools, serial_shops, shop, grunt_decor_junction,
          uniq_duvessa, uniq_prince_ribbit1
D:8:      layout_cave_pods, grunt_temple_overflow_lords_of_destruction,
          serial_column_ruins, column_ruins_square_medium, column_ruins_hut,
          column_ruins_grid_2, column_ruins_corridor_water,
          column_ruins_open_medium, column_ruins_columns_dead_end, minivault_27,
          uniq_erica
D:9:      kennysheep_steamy, layout_loops_ring, zombieorc2_lemuel,
          gammafunk_ghost_nasty_kobolds, serial_shops, shop,
          hangedman_minor_magic
D:10:     layout_small_grid, lair_entry_dummy, serial_bayou_pond_e
D:11:     layout_basic, uniq_psyche
D:12:     layout_roguey
D:13:     layout_irregular_city, minmay_misc_feat_tiny
Temple:   compressed_dpeg_circular_temple
Lair:1:   layout_gridlike, beast_lair_carwin_6

Skill      XL: |  1  2  3  4  5  6  7  8  9 10 11 12 |
---------------+-------------------------------------+-----
Spellcasting   | 5 6 7 8 9 |  9.1
Short Blades   | 1 2 3 5 6 7 |  7.5
Long Blades    | 1 2 3 5 6 7 |  7.5
Axes           | 1 2 3 5 6 7 |  7.5
Maces & Flails | 1 2 3 5 6 7 |  7.5
Polearms       | 1 2 3 5 6 7 |  7.5
Staves         | 1 2 3 5 6 7 |  7.5
Slings         | 1 2 3 5 6 7 |  7.5
Bows           | 1 2 3 5 6 7 |  7.5
Crossbows      | 1 2 3 5 6 7 |  7.5
Throwing       | 1 2 3 5 6 7 |  7.5
Armour         | 1 2 3 5 6 7 |  7.5
Stealth        | 1 2 3 5 6 7 |  7.5
Shields        | 1 2 3 5 6 7 |  7.5
Invocations    | 1 2 3 4 5 6 7 8 |  8.2
Evocations     | 1 2 3 5 6 7 |  7.5
Conjurations   | 1 2 3 4 5 6 |  6.2
Hexes          | 1 2 3 4 5 6 |  6.2
Summonings     | 1 2 3 4 5 6 |  6.2
Necromancy     | 1 2 3 4 5 6 |  6.2
Translocations | 1 2 3 4 5 6 |  6.2
Fire Magic     | 1 2 3 4 5 6 |  6.2
Ice Magic      | 1 2 3 4 5 6 |  6.2
Air Magic      | 1 2 3 4 5 6 |  6.2
Earth Magic    | 1 2 3 4 5 6 |  6.2
Poison Magic   | 1 2 3 4 5 6 |  6.2
Fighting       | 3 4 5 6 7 8 |  8.0
Transmutations | 4 5 6 7 |  7.4
Dodging        | 5 6 7 8 |  8.9
Unarmed Combat | 7 8 9 10 | 10.0

Action                   |  1- 3 |  4- 6 |  7- 9 | 10-12 || total
-------------------------+-------+-------+-------+-------++-------
Melee: Unarmed           |    64 |   145 |   349 |   695 ||  1253
       Kick              |     4 |    21 |    16 |     3 ||    44
       Headbutt          |     2 |    12 |    10 |     1 ||    25
       Bite              |     2 |     8 |    20 |    74 ||   104
       Punch             |     2 |     5 |     4 |    18 ||    29
 Fire: Shortbow          |       |     4 |     2 |     3 ||     9
Throw: Javelin           |       |       |     5 |       ||     5
 Cast: Beastly Appendage |     6 |     7 |     9 |     2 ||    24
       Wereblood         |     1 |     2 |       |     3 ||     6
       Spider Form       |     1 |     1 |     6 |       ||     8
       Ice Form          |       |       |    10 |     6 ||    16
       Blade Hands       |       |       |     1 |    35 ||    36
       Call Imp          |       |       |       |    10 ||    10
       Olgreb's Toxic Ra |       |       |       |     1 ||     1
 Abil: End Transformatio |       |       |       |     1 ||     1
Evoke: Wand              |       |       |     1 |    21 ||    22
  Use: Scroll            |     6 |     3 |     8 |     8 ||    25
       Potion            |       |       |     3 |     7 ||    10
 Stab: Sleeping          |     4 |     3 |     8 |    19 ||    34
       Distracted        |       |     1 |     2 |     5 ||     8
       Paralysed         |       |       |     3 |     6 ||     9
Armor: Robe              |     3 |    21 |    36 |   107 ||   167
       Skin              |       |       |    21 |    28 ||    49
Dodge: Dodged            |    35 |   107 |   252 |   435 ||   829
